 Dungeon Crawl Stone Soup version 0.28.0 (webtiles) character file.

Game seed: 5394670931689884893

808 OhItsWolfy the Basher (level 7, -6/41 HPs)
             Began as a Gargoyle Fighter on Feb 15, 2022.
             Was an Initiate of Okawaru.
             Mangled by an ogre (10 damage)
             ... on level 5 of the Dungeon.
             The game lasted 00:17:04 (6011 turns).

OhItsWolfy the Basher (Gargoyle Fighter)            Turns: 6011, Time: 00:17:05

Health: -6/41      AC: 17    Str: 22    XL:     7   Next: 92%
Magic:  7/7        EV:  6    Int:  8    God:    Okawaru [......]
Gold:   253        SH:  4    Dex:  9    Spells: 6/6 levels left

rFire   . . .      SeeInvis .   l - +2 mace (holy)
rCold   . . .      Faith    .   c - +0 buckler
rNeg    + . .      Spirit   .   v - +0 plate armour
rPois   ∞          Reflect  .   (no helmet)
rElec   +          Harm     .   (no cloak)
rCorr   .          Rampage  .   q - +0 pair of gloves
Will    .....                   (no boots)
Stlth   ..........              (no amulet)
HPRegen 0.13/turn               (no ring)
MPRegen 0.10/turn               (no ring)

@: no status effects
A: sickness immunity, AC +4, negative energy resistance 1, electricity
resistance, torment resistance 1, petrification resistance
a: Renounce Religion


You were on level 5 of the Dungeon.
You worshipped Okawaru.
Okawaru was noncommittal.
You visited 1 branch of the dungeon, and saw 5 of its levels.

You collected 253 gold pieces.

Inventory:

Hand Weapons
 a - a +0 flail
 i - a +1 spear of freezing
 l - a +2 mace of holy wrath (weapon)
Missiles
 o - a boomerang (quivered)
Armour
 c - a +0 buckler (worn)
 q - a +0 pair of gloves (worn)
 v - a +0 plate armour (worn)
Scrolls
 b - 3 scrolls of vulnerability
 e - a scroll of identify
 h - a scroll of summoning {unknown}
 j - 2 scrolls of immolation
 k - a scroll of torment {unknown}
 n - a scroll of fear {unknown}
 p - a scroll of fog {unknown}
 t - a scroll of magic mapping {unknown}
 u - a scroll of brand weapon {unknown}
Potions
 d - a potion of might
 f - 2 potions of haste
 g - a potion of cancellation
 m - 2 potions of lignification {unknown}
 r - a potion of resistance {unknown}
 s - a potion of curing {unknown}


   Skills:
 - Level 3.2 Fighting
 + Level 8.8 Maces & Flails
 - Level 3.2 Armour
 - Level 3.2 Shields


You had 6 spell levels left.
You didn't know any spells.
Your spell library contained the following spells:

 Spells                   Type           Power      Damage    Failure   Level
 Freeze                   Ice            0%         1d3       100%        1
 Shock                    Conj/Air       0%         1d3       100%        1
 Slow                     Hex            0%         N/A       100%        1
 Confusing Touch          Hex            0%         N/A       100%        3
 Frozen Ramparts          Ice            0%         1d2       100%        3
 Swiftness                Air            0%         N/A       100%        3
 Vampiric Draining        Necr           0%         2d6       100%        3
 Airstrike                Air            0%         N/A       100%        4
 Hailstorm                Conj/Ice       0%         3d3       100%        4
 Summon Small Mammal      Summ           Unusable   N/A       N/A         1
 Call Canine Familiar     Summ           Unusable   N/A       N/A         3
 Summon Guardian Golem    Hex/Summ       Unusable   N/A       N/A         3

Dungeon Overview and Level Annotations

Branches:
Dungeon (5/15)
 Temple: D:4-7

Altars:
Kikubaaqudgha
Okawaru
Zin

Shops:
D:4 (!(:


Innate Abilities, Weirdness & Mutations

You are immune to sickness and miasma.
Your stone body is resilient. (AC +4)
You are immune to poison.
You resist negative energy. (rN+)
You are resistant to electric shocks. (rElec)
You are resistant to unholy torment.
You are immune to petrification.


Message History

You hit the iguana.
The iguana is heavily wounded.
The iguana bites you but does no damage.
You hit the iguana.
The iguana is heavily wounded.
The iguana bites you.
You hit the iguana.
The iguana is almost dead.
The iguana bites you.
You hit the iguana.
You kill the iguana!
Okawaru accepts your kill.
You barely miss the ogre. The ogre hits you but does no damage.
You hit the ogre.
The ogre is lightly wounded.
The ogre barely misses you.
You barely miss the ogre.
The ogre is lightly wounded.
You hit the ogre but do no damage.
The ogre is lightly wounded.
The ogre hits you but does no damage.
You hit the ogre.
The ogre is lightly wounded.
The ogre hits you with a +0 giant club.
You barely miss the ogre.
The ogre is lightly wounded.
The ogre hits you with a +0 giant club.
You hit the ogre.
The ogre is moderately wounded.
The ogre hits you with a +0 giant club.
You sock the ogre!
The ogre is severely wounded.
You barely miss the ogre.
The ogre is severely wounded.
The ogre hits you with a +0 giant club!!
* * * LOW HITPOINT WARNING * * *
You thump the ogre!
The ogre is almost dead.
The ogre hits you with a +0 giant club!
You die...

#.########..#...##.##.
#.# #..##........
###.# #..#####.....
#...# #..# ######
#.### # #.# # #.# . <
#.# #######.... . ##.#
#..@O...... ..
#####..###.#####....
.. #..........# . #..
#.###.###### #.#
#......# #.# ######.#
#.# #.# #.#


You could see an ogre.

Vanquished Creatures
  A black bear (D:4)
  An ogre (D:5)
  A centaur (D:4)
  A water moccasin zombie (D:5)
  A bullfrog zombie (D:5)
  2 hounds
  3 orc priests
  3 iguanas
  2 orc wizards
  A hound skeleton (D:5)
  3 gnolls (D:4)
  3 adders
  An ufetubus (D:5)
  3 worms (D:2)
  A dart slug (D:1)
  20 orcs
  7 endoplasms
  3 giant cockroaches
  5 goblins
  6 hobgoblins
  7 jackals (D:3)
  3 quokkas
  6 ball pythons
  3 bats
  12 frilled lizards
  11 kobolds
  8 rats
118 creatures vanquished.

Vanquished Creatures (others)
  A human (D:3)
  6 plants
7 creatures vanquished.

Grand Total: 125 creatures vanquished

Notes
Turn   | Place    | Note
-------+----------+-------------------------------------------
     0 | D:1      | OhItsWolfy the Gargoyle Fighter began the quest for the
                  | Orb.
     0 | D:1      | Reached XP level 1. HP: 14/14 MP: 1/1
   415 | D:1      | Reached XP level 2. HP: 18/19 MP: 2/2
   799 | D:1      | Reached skill level 3 in Maces & Flails
   945 | D:1      | You fall into a shaft and drop 1 floor!
  1060 | D:2      | Reached XP level 3. HP: 15/23 MP: 3/3
  1880 | D:1      | Reached skill level 4 in Maces & Flails
  2004 | D:1      | Found a faded altar of an unknown god.
  2250 | D:3      | Identified the +1 ring mail of Pammung {*Slow rF+ Regen+}
  2428 | D:3      | Reached XP level 4. HP: 28/28 MP: 4/4
  2545 | D:3      | Reached skill level 5 in Maces & Flails
  2554 | D:3      | Reached XP level 5. HP: 28/32 MP: 5/5
  2608 | D:3      | Found an ancient bone altar of Kikubaaqudgha.
  2609 | D:3      | Noticed a human
  2611 | D:3      | Killed a human
  3736 | D:4      | Reached skill level 6 in Maces & Flails
  3745 | D:4      | Reached XP level 6. HP: 18/37 MP: 6/6
  4015 | D:4      | Found Metreth's Book Boutique.
  4053 | D:4      | Found a glowing silver altar of Zin.
  5017 | D:4      | Reached skill level 7 in Maces & Flails
  5160 | D:4      | Reached XP level 7. HP: 41/41 MP: 7/7
  5162 | D:4      | Found Vamohar's Distillery.
  5166 | D:4      | Found Zyurunt's Weapon Boutique.
  5278 | D:4      | Found Xusch's Weapon Shoppe.
  5493 | D:5      | Entered Level 5 of the Dungeon
  5518 | D:5      | Reached skill level 8 in Maces & Flails
  5846 | D:5      | Found an iron altar of Okawaru.
  5872 | D:5      | Became a worshipper of Warmaster Okawaru
  6011 | D:5      | Mangled by an ogre

Illustrated notes

Levels and vault maps discovered:
D:1:      psy_arrival_whirlpool, layout_basic,
          shapermc_ecumenical_altar_mp_urbaneastern
D:2:      layout_loops_ring
D:3:      layout_basic, tgw_kikubaaqudgha, serial_bayou_pond_e,
          minmay_lizard_king
D:4:      layout_basic, mainiacjoe_overflow_boulevard,
          minmay_temple_entry_from_below_a, serial_shops, kennysheep_mini_moat,
          nicolae_diamond_shop, shop, nicolae_shop_trees
D:5:      layout_loops_ring, makhleb_heckhound_becter, okawaru_gym_becter

Skill      XL: |  1  2  3  4  5  6  7 |
---------------+----------------------+-----
Maces & Flails | 3 4 5 6 7 8 |  8.8
Fighting       | |  3.2
Armour         | |  3.2
Shields        | |  3.2

Action                   |  1- 3 |  4- 6 |  7- 9 || total
-------------------------+-------+-------+-------++-------
Melee: Flail             |   183 |   178 |       ||   361
       Mace              |       |    76 |    88 ||   164
Throw: Boomerang         |       |       |     4 ||     4
  Use: Scroll            |     2 |     1 |     2 ||     5
       Potion            |       |     2 |       ||     2
Armor: Scale mail        |    82 |    82 |       ||   164
       Chain mail        |       |    80 |    46 ||   126
       Plate armour      |       |       |    14 ||    14
Dodge: Dodged            |    66 |   111 |    21 ||   198
Block: Buckler           |    38 |    56 |    15 ||   109
